TOP OF THE 1ST |
University of Southern California Trojans batting - Pitching for Louisiana State University Tigers : RHP Angel Pastor
|
Pitching: RHP Angel Pastor
|
|
Batting: RHB Liangde Zhou
|
0-0: SINGLE (Groundball, P, EV 83.8 MPH) (infield hit)
|
Batting: LHB John Rumbolt
|
0-0: Ball Liangde Zhou steals 2nd base 1-0: Swinging Strike 1-1: Called Strike 1-2: Foul Ball, location: 2F 1-2: Foul Ball, location: 2F 1-2: Ground out 4-3 (Groundball, 34D, EV 100.6 MPH) Liangde Zhou to third
|
Batting: RHB Eric Baker
|
0-0: Swinging Strike 0-1: Ball 1-1: Foul Ball, location: 2F 1-2: Ball 2-2: Ground out 5-3 (Groundball, 56, EV 103.8 MPH) Liangde Zhou scores
|
Batting: LHB Justin Veirs
|
0-0: Hit by Pitch
|
Batting: RHB Jeremy McAbee
|
0-0: Swinging Strike 0-1: Ball 1-1: Ball 2-1: Called Strike 2-2: Ball 3-2: Strikes out swinging
|
Top of the 1st over - 1 run, 1 hit, 0 errors, 1 left on base; University of Southern California 1 - Louisiana State University 0 |
BOTTOM OF THE 1ST |
Louisiana State University Tigers batting - Pitching for University of Southern California Trojans : LHP Garett Fazio
|
Pitching: LHP Garett Fazio
|
|
Batting: LHB Carsten Obenauer
|
0-0: Foul Ball, location: 2F 0-1: Ball 1-1: Swinging Strike 1-2: Ball 2-2: Fly out, F8 (Flyball, 8LM, EV 90.0 MPH)
|
Batting: RHB Ryan West
|
0-0: Fly out, F7 (Line Drive, 7LM, EV 103.1 MPH)
|
Batting: LHB Todd Saunders
|
0-0: Ball 1-0: Called Strike 1-1: Ball 2-1: Foul Ball, location: 2F 2-2: Strikes out swinging
|
Bottom of the 1st over - 0 runs, 0 hits, 0 errors, 0 left on base; University of Southern California 1 - Louisiana State University 0 |
TOP OF THE 2ND |
University of Southern California Trojans batting - Pitching for Louisiana State University Tigers : RHP Angel Pastor
|
Batting: LHB Brad Betterton
|
0-0: Ball 1-0: Ball 2-0: Foul Ball, location: 2F 2-1: Called Strike 2-2: Fly out, F9 (Flyball, 9LS, EV 95.0 MPH)
|
Batting: RHB Jochen Schanz
|
0-0: Ball 1-0: Ground out 6-3 (Groundball, 6, EV 87.5 MPH)
|
Batting: RHB Eizo Sakamoto
|
0-0: Called Strike 0-1: Called Strike 0-2: Ball 1-2: Strikes out looking
|
Top of the 2nd over - 0 runs, 0 hits, 0 errors, 0 left on base; University of Southern California 1 - Louisiana State University 0 |
BOTTOM OF THE 2ND |
Louisiana State University Tigers batting - Pitching for University of Southern California Trojans : LHP Garett Fazio
|
Batting: RHB Stewart Walker
|
0-0: Ground out 4-3 (Groundball, 4, EV 90.6 MPH)
|
Batting: LHB Steve Ritchie
|
0-0: SOLO HOME RUN (Line Drive, 9LD, EV 95.0 MPH), Distance : 353 ft
|
Batting: RHB Steve McCoig
|
0-0: Swinging Strike 0-1: Ball 1-1: Foul Ball, location: 2F 1-2: Strikes out swinging
|
Batting: RHB Roku Miyahara
|
0-0: Called Strike 0-1: Ball 1-1: Foul Ball, location: 2F 1-2: Foul Ball, location: 2F 1-2: Strikes out swinging
|
Bottom of the 2nd over - 1 run, 1 hit, 0 errors, 0 left on base; University of Southern California 1 - Louisiana State University 1 |
TOP OF THE 3RD |
University of Southern California Trojans batting - Pitching for Louisiana State University Tigers : RHP Angel Pastor
|
Batting: RHB Chris Thomas
|
0-0: Ball 1-0: Ball 2-0: Ground out 5-3 (Groundball, 56, EV 102.5 MPH)
|
Batting: RHB Liangde Zhou
|
0-0: Ball 1-0: SINGLE (Flyball, 9LS, EV 93.8 MPH)
|
Batting: LHB John Rumbolt
|
0-0: Ball Liangde Zhou steals 2nd base 1-0: Ball 2-0: Ball 3-0: Called Strike 3-1: Base on Balls
|
Batting: RHB Eric Baker
|
0-0: Ball 1-0: Ball 2-0: Foul Ball, location: 2F 2-1: Called Strike 2-2: Ball 3-2: Fly out, F6 (Line Drive, 6, EV 68.8 MPH)
|
Batting: LHB Justin Veirs
|
0-0: Ball 1-0: Ball 2-0: Foul Ball, location: 2F 2-1: Foul Ball, location: 2F 2-2: Foul Ball, location: 2F 2-2: Strikes out looking
|
Top of the 3rd over - 0 runs, 1 hit, 0 errors, 2 left on base; University of Southern California 1 - Louisiana State University 1 |
BOTTOM OF THE 3RD |
Louisiana State University Tigers batting - Pitching for University of Southern California Trojans : LHP Garett Fazio
|
Batting: SHB Stone Fraser
|
0-0: Foul Ball, location: 2F 0-1: Swinging Strike 0-2: Strikes out looking
|
Batting: RHB Tyler Lackie
|
0-0: Called Strike 0-1: Fly out, F8 (Flyball, 78M, EV 87.5 MPH)
|
Batting: LHB Carsten Obenauer
|
0-0: Fly out, F4 (Popup, 4M, EV 58.1 MPH)
|
Bottom of the 3rd over - 0 runs, 0 hits, 0 errors, 0 left on base; University of Southern California 1 - Louisiana State University 1 |
TOP OF THE 4TH |
University of Southern California Trojans batting - Pitching for Louisiana State University Tigers : RHP Angel Pastor
|
Batting: RHB Jeremy McAbee
|
0-0: Called Strike 0-1: Hit by Pitch
|
Batting: LHB Brad Betterton
|
0-0: Fielders Choice at 2nd, 4-6 (Groundball, 4, EV 91.2 MPH)
|
Batting: RHB Jochen Schanz
|
0-0: Called Strike 0-1: Ball 1-1: Ball 2-1: Fielders Choice at 2nd, 6-4 (Groundball, 56, EV 81.9 MPH)
|
Batting: RHB Eizo Sakamoto
|
0-0: Called Strike Jochen Schanz steals 2nd base 0-1: Ball 1-1: Ball Wild Pitch! Jochen Schanz to third 2-1: Ball 3-1: Base on Balls
|
Batting: RHB Chris Thomas
|
0-0: Fielders Choice at 2nd, 6-4 (Groundball, 6, EV 87.5 MPH)
|
Top of the 4th over - 0 runs, 0 hits, 0 errors, 2 left on base; University of Southern California 1 - Louisiana State University 1 |
BOTTOM OF THE 4TH |
Louisiana State University Tigers batting - Pitching for University of Southern California Trojans : LHP Garett Fazio
|
Batting: RHB Ryan West
|
0-0: Called Strike 0-1: Called Strike 0-2: Ball 1-2: Strikes out swinging
|
Batting: LHB Todd Saunders
|
0-0: Swinging Strike 0-1: Swinging Strike 0-2: Strikes out swinging
|
Batting: RHB Stewart Walker
|
0-0: Swinging Strike 0-1: Ball 1-1: Foul Ball, location: 2F 1-2: Foul Ball, location: 2F 1-2: Ground out U3 (Groundball, 34, EV 100.0 MPH)
|
Bottom of the 4th over - 0 runs, 0 hits, 0 errors, 0 left on base; University of Southern California 1 - Louisiana State University 1 |
TOP OF THE 5TH |
University of Southern California Trojans batting - Pitching for Louisiana State University Tigers : RHP Angel Pastor
|
Pitching: RHP Jessie Amann
|
|
Now at 2B: Byung-hee Jee
|
|
Now in CF: Dave Fell
|
|
Pinch Hitting: LHB Alonzo Catalan
|
0-0: Ball 1-0: Ball 2-0: Fly out, F4 (Line Drive, 4, EV 76.9 MPH)
|
Batting: LHB John Rumbolt
|
0-0: Ball 1-0: Swinging Strike 1-1: Foul Ball, location: 2F 1-2: Ground out 3-1 (Groundball, 34S, EV 80.0 MPH)
|
Batting: RHB Eric Baker
|
0-0: Called Strike 0-1: Ball 1-1: Ball 2-1: Called Strike 2-2: Ball 3-2: Ground out 4-3 (Groundball, 4, EV 80.0 MPH)
|
Top of the 5th over - 0 runs, 0 hits, 0 errors, 0 left on base; University of Southern California 1 - Louisiana State University 1 |
BOTTOM OF THE 5TH |
Louisiana State University Tigers batting - Pitching for University of Southern California Trojans : LHP Garett Fazio
|
Now at 1B: Santiago Romero
|
|
Now at 2B: John Sandberg
|
|
Now at SS: Jochen Schanz
|
|
Now in CF: Alonzo Catalan
|
|
Batting: LHB Steve Ritchie
|
0-0: Ball 1-0: Foul Ball, location: 2F 1-1: Ball 2-1: Ground out 6-3 (Groundball, 6, EV 101.9 MPH)
|
Batting: RHB Steve McCoig
|
0-0: Ball 1-0: Called Strike 1-1: Fly out, F7 (Flyball, 7LM, EV 94.4 MPH)
|
Batting: RHB Roku Miyahara
|
0-0: Ball 1-0: Swinging Strike 1-1: Ball 2-1: Swinging Strike 2-2: Foul Ball, location: 2F 2-2: Ball 3-2: Base on Balls
|
Batting: SHB Stone Fraser
|
0-0: Swinging Strike 0-1: Ball 1-1: Ball 2-1: Called Strike Roku Miyahara steals 2nd base 2-2: Strikes out swinging
|
Bottom of the 5th over - 0 runs, 0 hits, 0 errors, 1 left on base; University of Southern California 1 - Louisiana State University 1 |
TOP OF THE 6TH |
University of Southern California Trojans batting - Pitching for Louisiana State University Tigers : RHP Jessie Amann
|
Now at C: David Olivarez
|
|
Pinch Hitting: LHB Dave Helman
|
0-0: Called Strike 0-1: DOUBLE (Line Drive, 78D, EV 108.8 MPH)
|
Batting: RHB John Sandberg
|
0-0: Called Strike 0-1: Ball 1-1: Fly out, F4 (Line Drive, 4, EV 73.8 MPH)
|
Batting: RHB Santiago Romero
|
0-0: Foul Ball, location: 2F 0-1: Ball 1-1: Ball 2-1: Ball 3-1: Foul Ball, location: 2F 3-2: Strikes out looking
|
Pinch Hitting: LHB Ryan Springer
|
0-0: Swinging Strike 0-1: Ball 1-1: Fly out, F9 (Line Drive, 9, EV 95.6 MPH)
|
Top of the 6th over - 0 runs, 1 hit, 0 errors, 1 left on base; University of Southern California 1 - Louisiana State University 1 |
BOTTOM OF THE 6TH |
Louisiana State University Tigers batting - Pitching for University of Southern California Trojans : LHP Garett Fazio
|
Pitching: RHP Paul Conrad
|
|
Now at SS: Ryan Springer
|
|
Now in RF: Roger Kean
|
|
Batting: RHB Tyler Lackie
|
0-0: Called Strike 0-1: Ball 1-1: SINGLE (Groundball, 56S, EV 66.2 MPH) (infield hit)
|
Batting: RHB Byung-hee Jee
|
0-0: Called Strike Tyler Lackie steals 2nd, throwing error, E2 Tyler Lackie to third 0-1: Ball 1-1: Ball 2-1: Ball 3-1: Foul Ball, location: 2F 3-2: Strikes out swinging
|
Batting: RHB Dave Fell
|
0-0: Ground out U3 (Groundball, 3, EV 87.5 MPH)
|
Batting: SHB Brian Caruso
|
0-0: Called Strike 0-1: Ball 1-1: Ball 2-1: Foul Ball, location: 2F 2-2: Strikes out swinging
|
Bottom of the 6th over - 0 runs, 1 hit, 1 error, 1 left on base; University of Southern California 1 - Louisiana State University 1 |
TOP OF THE 7TH |
University of Southern California Trojans batting - Pitching for Louisiana State University Tigers : RHP Jessie Amann
|
Pitching: RHP Nick McCoy
|
|
Now in RF: Elvin Ruffolo
|
|
Batting: LHB Eric Rosenstein
|
0-0: Called Strike 0-1: Foul Ball, location: 2F 0-2: Ground out 4-3 (Groundball, 4S, EV 79.4 MPH)
|
Pinch Hitting: RHB Tri Kartini
|
0-0: Ball 1-0: Foul Ball, location: 2F 1-1: Ball 2-1: Foul Ball, location: 2F 2-2: Ground out 6-3 (Groundball, 6, EV 84.4 MPH)
|
Pitching: LHP Logan Corrigan
|
|
Batting: LHB Alonzo Catalan
|
0-0: Ball 1-0: Foul Ball, location: 2F 1-1: Foul Ball, location: 2F 1-2: Ball 2-2: SINGLE (Groundball, 13, EV 86.2 MPH) (infield hit)
|
Pinch Hitting: SHB Mhelter Daulong
|
0-0: Ball 1-0: Called Strike Alonzo Catalan is caught stealing 2nd base 2-4
|
Top of the 7th over - 0 runs, 1 hit, 0 errors, 0 left on base; University of Southern California 1 - Louisiana State University 1 |
BOTTOM OF THE 7TH |
Louisiana State University Tigers batting - Pitching for University of Southern California Trojans : RHP Paul Conrad
|
Pitching: RHP Kyle Barraza
|
|
Now at C: Ashley Shepherd
|
|
Now at 3B: Edwin Figueroa
|
|
Now in LF: Alberto Reyes
|
|
Pinch Hitting: RHB Keith Ashton
|
0-0: Called Strike 0-1: Ball 1-1: Fly out, F8 (Line Drive, 8LD, EV 96.2 MPH)
|
Pinch Hitting: SHB Marshall Miller
|
0-0: Ball 1-0: Ball 2-0: Ball 3-0: Fly out, F8 (Flyball, 8RM, EV 81.2 MPH)
|
Pinch Hitting: RHB Wes Laurendeau
|
0-0: Called Strike 0-1: Ball 1-1: Swinging Strike 1-2: SINGLE (Groundball, 4M, EV 98.8 MPH)
|
Batting: RHB Elvin Ruffolo
|
0-0: Called Strike 0-1: Foul Ball, location: 2F 0-2: Ball 1-2: Ball 2-2: Foul Ball, location: 2F 2-2: Foul Ball, location: 2F 2-2: Foul Ball, location: 2F 2-2: Fly out, F9 (Flyball, 9LD, EV 97.5 MPH)
|
Bottom of the 7th over - 0 runs, 1 hit, 0 errors, 1 left on base; University of Southern California 1 - Louisiana State University 1 |
TOP OF THE 8TH |
University of Southern California Trojans batting - Pitching for Louisiana State University Tigers : LHP Logan Corrigan
|
Pitching: RHP Isaiah Keys
|
|
Now at 1B: Zachary Acker
|
|
Now at 2B: Michael Maier
|
|
Now at 3B: Keith Ashton
|
|
Now at SS: Byung-hee Jee
|
|
Batting: LHB Alberto Reyes
|
0-0: Ball 1-0: Called Strike 1-1: Swinging Strike 1-2: DOUBLE (Flyball, 7LD, EV 107.5 MPH)
|
Pinch Hitting: SHB Dave Montoya
|
0-0: Reached on error, E6 (Groundball, 6M, EV 106.9 MPH) Alberto Reyes scores
|
Batting: LHB Roger Kean
|
0-0: Ball 1-0: Ground out 4-3 (Groundball, 4, EV 102.5 MPH) Dave Montoya to third
|
Batting: RHB John Sandberg
|
0-0: Foul Ball, location: 2F 0-1: Ball 1-1: Ground out 6-3 (Groundball, 6, EV 81.9 MPH)
|
Pinch Hitting: SHB George Hillock
|
0-0: Ball 1-0: Swinging Strike 1-1: Ball 2-1: Foul Ball, location: 2F 2-2: Ball 3-2: Ground out 6-3 (Groundball, 6, EV 89.4 MPH)
|
Top of the 8th over - 1 run, 1 hit, 1 error, 1 left on base; University of Southern California 2 - Louisiana State University 1 |
BOTTOM OF THE 8TH |
Louisiana State University Tigers batting - Pitching for University of Southern California Trojans : RHP Kyle Barraza
|
Pitching: RHP Gabe Hires
|
|
Now at 1B: Rupert Broers
|
|
Now at 3B: Jim Baltazar
|
|
Batting: RHB David Olivarez
|
0-0: Called Strike 0-1: Ball 1-1: Ground out 6-3 (Groundball, 6, EV 88.8 MPH)
|
Pinch Hitting: LHB Oscar Rivera
|
0-0: Called Strike 0-1: Foul Ball, location: 2F 0-2: Ball 1-2: Ball 2-2: Ball 3-2: Strikes out swinging
|
Batting: RHB Byung-hee Jee
|
0-0: Foul Ball, location: 2F 0-1: Ball 1-1: Foul Ball, location: 2F 1-2: Foul Ball, location: 2F 1-2: Strikes out swinging
|
Bottom of the 8th over - 0 runs, 0 hits, 0 errors, 0 left on base; University of Southern California 2 - Louisiana State University 1 |
TOP OF THE 9TH |
University of Southern California Trojans batting - Pitching for Louisiana State University Tigers : RHP Isaiah Keys
|
Pitching: LHP Luis Sandoval
|
|
Now in LF: Oscar Rivera
|
|
Batting: LHB Ryan Springer
|
0-0: Called Strike 0-1: Foul Ball, location: 2F 0-2: Foul Ball, location: 2F 0-2: Foul Ball, location: 2F 0-2: Foul Ball, location: 2F 0-2: Ball 1-2: Ground out 6-3 (Groundball, 6, EV 79.4 MPH)
|
Batting: LHB Eric Rosenstein
|
0-0: Ground out 4-3 (Groundball, 4, EV 85.0 MPH)
|
Pinch Hitting: RHB Eduardo Mejorado
|
0-0: Called Strike 0-1: Swinging Strike 0-2: Strikes out swinging
|
Top of the 9th over - 0 runs, 0 hits, 0 errors, 0 left on base; University of Southern California 2 - Louisiana State University 1 |
BOTTOM OF THE 9TH |
Louisiana State University Tigers batting - Pitching for University of Southern California Trojans : RHP Gabe Hires
|
Pitching: RHP Enrique Zepeda
|
|
Now at C: Noah Kelly
|
|
Pinch Hitting: LHB Manny Grado
|
0-0: Called Strike 0-1: Foul Ball, location: 2F 0-2: Ball 1-2: Foul Ball, location: 2F 1-2: Ground out 4-3 (Groundball, 4, EV 88.8 MPH)
|
Batting: SHB Brian Caruso
|
0-0: SINGLE (Groundball, 4, EV 94.4 MPH)
|
Batting: RHB Keith Ashton
|
0-0: Called Strike 0-1: Foul Ball, location: 2F 0-2: Ball 1-2: Ball 2-2: Foul Ball, location: 2F 2-2: Strikes out looking
|
Pinch Hitting: RHB Bobby Hanson
|
Pickoff Throw to First - Out! 1-3
|
Bottom of the 9th over - 0 runs, 1 hit, 0 errors, 0 left on base; University of Southern California 2 - Louisiana State University 1 |
|